 Dungeon Crawl Stone Soup version 0.28-a0-620-g539b0f7ac7 (webtiles) character file.

Game seed: 6481296504721878770

147 mordus the Chopper (level 5, -1/45 HPs)
             Began as a Hill Orc Monk on Oct 6, 2021.
             Slain by a kobold brigand (7 damage)
             ... in a sewer.
             The game lasted 00:05:16 (3842 turns).

mordus the Chopper (Hill Orc Monk)                  Turns: 3842, Time: 00:05:17

Health: -1/45      AC:  2    Str: 13 (15) XL:     5   Next: 29%
Magic:  5/5        EV: 12    Int:  8 (10) God:
Gold:   158        SH:  0    Dex: 11 (13) Spells: 4/4 levels left

rFire   + . .      SeeInvis .   i - +0 war axe
rCold   + . .      Faith    .   (no shield)
rNeg    . . .      Spirit   .   b - +0 robe
rPois   +          Reflect  .   (no helmet)
rElec   +          Harm     .   (no cloak)
rCorr   +          Rampage  .   (no gloves)
Will    .....                   (no boots)
Stlth   ++........              (no amulet)
HPRegen 0.15/turn               (no ring)
MPRegen 0.09/turn               (no ring)

@: lethally poisoned (-1 -> -1), resistant, slowed, very slow
A: no striking features
a: no special abilities


You were in a sewer.
You visited 1 branch of the dungeon, and saw 3 of its levels.
You also visited: Sewer.

You collected 158 gold pieces.

Inventory:

Hand Weapons
 a - a +0 hand axe
 i - a +0 war axe (weapon)
Armour
 b - a +0 robe (worn)
Scrolls
 c - 3 scrolls of identify {unknown}
 f - 2 scrolls of blinking {unknown}
 l - a scroll of noise {unknown}
Potions
 e - a potion of resistance
 g - 2 potions of magic {unknown}
 h - a potion of curing {unknown}
 j - 2 potions of invisibility {unknown}
 k - a potion of heal wounds {unknown}
 m - a potion of might {unknown}


   Skills:
 - Level 3.6 Fighting
 * Level 6.7 Axes
 + Level 2.7 Armour
 - Level 2.4 Dodging
 - Level 1.5 Stealth


You had 4 spell levels left.
You didn't know any spells.
Your spell library contained the following spells:

 Spells                   Type           Power      Damage    Failure   Level
 Ensorcelled Hibernation  Hex/Ice        0%         N/A       54%         2
 Tukima's Dance           Hex            0%         N/A       78%         3


Dungeon Overview and Level Annotations

Branches:
Dungeon (3/15)              Sewer (1/1)

Altars:

Annotations:
D:3 2 runed translucent doors, Dittersdorf's ghost, amateur GrFi


Message History

You hit the river rat.
You kill the river rat!
No target in view!
You enter the shallow water.
Moving in this stuff is going to be slow.
You enter the shallow water.
Moving in this stuff is going to be slow.
An endoplasm and a kobold brigand come into view.
The kobold brigand is wielding a +0 club and quivering curare-tipped darts.
The endoplasm quivers.
The kobold brigand shouts!
The kobold brigand throws a curare-tipped dart.
The curare-tipped dart misses you.
You slash the endoplasm!
You kill the endoplasm!
The kobold brigand throws a curare-tipped dart.
The curare-tipped dart hits you.
You are poisoned.
You have difficulty breathing.
You feel yourself slow down.
You enter the shallow water.
Moving in this stuff is going to be slow.
You feel extremely sick.
You feel very sick. The kobold brigand closely misses you.
The kobold brigand hits you with a +0 club!
You feel sick.
The kobold brigand hits you with a +0 club.
* * * LOW HITPOINT WARNING * * *
It was a potion of resistance.
You feel protected.
You feel sick.
The kobold brigand hits you with a +0 club.
* * * LOW HITPOINT WARNING * * *
The kobold brigand closely misses you.
It was a potion of degeneration.
There was something very wrong with that liquid.
You feel weakened.
You feel dopey.
You feel clumsy.
You feel sick.
The kobold brigand hits you with a +0 club!
You die...

#.≈.# ##.≈.# ##≈≈≈.#
####### #≈.≈..#
#####≈≈≈≈.#
≈≈≈.≈########≈.≈..#####
≈≈≈####≈.≈..≈≈###≈†≈≈.#
..## #≈≈.≈≈≈≈≈# #######
.≈####..≈≈≈≈≈≈###.≈≈≈.#
≈≈≈##.≈..####≈≈≈@K#####
≈.≈≈≈≈.≈## #####≈≈≈≈.#
......≈## #######
..≈≈≈≈.# ≈.≈≈≈≈≈#
..≈≈.≈≈# ≈≈.≈.≈≈#
.≈.≈.≈≈≈ ≈.≈##.≈..


You could see a kobold brigand.

Vanquished Creatures
  3 adders
  2 river rats (Sewer)
  2 worms
  A dart slug (D:2)
  An orc (D:3)
  14 endoplasms
  8 giant cockroaches
  5 goblins
  9 hobgoblins
  7 jackals (D:1)
  5 quokkas
  5 ball pythons
  5 bats
  5 frilled lizards
  4 kobolds (D:1)
  3 rats
79 creatures vanquished.

Vanquished Creatures (others)
  2 plants (D:1)
2 creatures vanquished.

Grand Total: 81 creatures vanquished

Notes
Turn   | Place    | Note
-------+----------+-------------------------------------------
     0 | D:1      | mordus the Hill Orc Monk began the quest for the Orb.
     0 | D:1      | Reached XP level 1. HP: 19/19 MP: 1/1
   181 | D:1      | Reached XP level 2. HP: 19/26 MP: 2/2
   247 | D:1      | Reached skill level 1 in Armour
   471 | D:1      | Reached skill level 5 in Axes
   734 | D:1      | Reached XP level 3. HP: 30/31 MP: 3/3
  1678 | D:2      | Found a faded altar of an unknown god.
  1893 | D:2      | Reached XP level 4. HP: 36/39 MP: 4/4
  2387 | D:2      | Reached skill level 6 in Axes
  2993 | D:3      | Found a runed translucent door.
  2993 | D:3      | Noticed a bullfrog
  2994 | D:3      | Noticed Dittersdorf's ghost (amateur GrFi)
  3156 | D:3      | Found a runed translucent door.
  3345 | D:3      | Found a glowing drain.
  3366 | Sewer    | Entered a sewer
  3525 | Sewer    | Reached XP level 5. HP: 43/45 MP: 5/5
  3833 | Sewer    | Noticed a kobold brigand
  3842 | Sewer    | Slain by a kobold brigand

Illustrated notes

Levels and vault maps discovered:
D:1:      dpeg_arrival_stone_temple_mockup, layout_rooms, serial_forest,
          infiniplex_forest_clump_curved, infiniplex_forest_lined_2,
          infiniplex_forest_lined_ring, infiniplex_forest_zigzag_2,
          infiniplex_forest_straight_4, infiniplex_forest_end_1,
          infiniplex_forest_clump_tiny, infiniplex_forest_lined_ring,
          infiniplex_forest_straight_5, infiniplex_forest_clump_curved,
          glass_columns_b
D:2:      layout_basic, ebering_ecumenical_altar_mist
D:3:      layout_loops_ring, portal_sewer_entry_f, ebering_ghost_sewer_f
Sewer:    sewer_co_tree

Skill      XL: |  1  2  3  4 |
---------------+-------------+-----
Armour         | 1 2 |  2.7
Axes           | 5 6 |  6.7
Fighting       | |  3.6
Dodging        | |  2.4
Stealth        | |  1.5

Action                   |  1- 3 |  4- 6 || total
-------------------------+-------+-------++-------
Melee: Hand axe          |   139 |    44 ||   183
       War axe           |       |    44 ||    44
  Use: Potion            |       |     2 ||     2
 Stab: Sleeping          |     2 |     2 ||     4
Armor: Robe              |    25 |     9 ||    34
Dodge: Dodged            |    86 |    40 ||   126

Table legend: (Time is in decaauts)
 A = Elapsed time spent in this place.
 B = Non-inter-level travel time spent in this place.
 C = Inter-level travel time spent in this place.
 D = Time resting spent in this place.
 E = Time spent auto-exploring this place.
 F = Levels seen in this place.
 G = Mean time per level.
                   A        B        C        D        E       F      G
               +--------+--------+--------+--------+--------+-----+--------+
         Total |   3911 |   3763 |    148 |    594 |   2543 |   4 |  977.8 |
       Dungeon |   3379 |   3231 |    148 |    467 |   2237 |   3 | 1126.3 |
         Sewer |    531 |    531 |      0 |    127 |    306 |   1 |  531.0 |
               +--------+--------+--------+--------+--------+-----+--------+

Top non-repeatable levels by time:
     D:1: 1622 daAuts
     D:2: 1353 daAuts
   Sewer: 531 daAuts
     D:3: 403 daAuts
